 Dungeon Crawl Stone Soup version 0.31.0-9-g3a7656b989 (webtiles) character file.

Game seed: 7589609144577982314

15698 Eitelfritz the Carver (level 12, -22/103 HPs)
             Began as a Minotaur Gladiator on Feb 3, 2024.
             Was a High Priest of Okawaru.
             Killed from afar by Frances (49 damage)
             ... with a shard of ice
             ... on level 13 of the Dungeon.
             The game lasted 00:25:36 (12270 turns).

Eitelfritz the Carver (Minotaur Gladiator)         Turns: 12270, Time: 00:25:37

Health: -22/103    AC: 20    Str: 20    XL:     12   Next: 3%
Magic:  15/15      EV: 16    Int:  7    God:    Okawaru [*****.]
Gold:   394        SH:  5    Dex: 14    Spells: 11/11 levels left

rFire   . . .        a - +1 demon blade (venom)
rCold   . . .        (no shield)
rNeg    . . .        I - +0 chain mail
rPois   +            c - +2 hat
rElec   .            (no cloak)
rCorr   .            G - +2 pair of gloves
SInv    .            Q - +2 pair of boots
Will    .....        H - amulet of reflection Stlth
                     k - +5 ring of evasion
HPRegen 0.37/turn    D - ring of poison resistance
MPRegen 0.14/turn

%: reflection
@: spiked
A: horns 2, retaliatory headbutt
a: Renounce Religion, Heroism, Finesse, Duel


You were on level 13 of the Dungeon.
You worshipped Okawaru.
Okawaru was extremely pleased with you.
You visited 2 branches of the dungeon, and saw 14 of its levels.
You also visited: Ossuary.

You collected 719 gold pieces.
You spent 325 gold pieces at shops.

Inventory:

Hand Weapons
 a - a +1 demon blade of venom (weapon)
 b - a +0 orcbow
 j - a +0 long sword of flaming
 O - a +3 morningstar of freezing
Missiles
 d - 7 throwing nets (quivered)
 e - 8 javelins
 A - 45 poisoned darts
 T - a curare-tipped dart
 X - 3 boomerangs
Armour
 c - a +2 hat (worn)
 G - a +2 pair of gloves (worn)
 I - a +0 chain mail (worn)
 Q - a +2 pair of boots (worn)
 R - +0 steam dragon scales
Jewellery
 k - a +5 ring of evasion (left hand)
 m - a ring of flight
 p - a +6 ring of intelligence
 r - a ring of protection from fire
 C - an amulet of guardian spirit
 D - a ring of poison resistance (right hand)
 H - an amulet of reflection (around neck)
 V - a +5 ring of evasion
Wands
 o - a wand of acid (9)
 L - a wand of mindburst (15)
 Y - a wand of flame (5)
Scrolls
 f - 3 scrolls of blinking
 g - 2 scrolls of enchant armour
 l - a scroll of immolation
 q - a scroll of fear
 u - 3 scrolls of fog
 y - 8 scrolls of teleportation
 J - 3 scrolls of amnesia
 K - a scroll of brand weapon
 M - a scroll of silence
 N - a scroll of identify
 P - a scroll of revelation
Potions
 h - 3 potions of heal wounds
 i - 5 potions of haste
 n - 3 potions of attraction
 s - 5 potions of curing
 t - 5 potions of resistance
 v - 3 potions of might
 w - 3 potions of brilliance
 x - 3 potions of lignification
 z - a potion of berserk rage
 B - 3 potions of mutation
 E - 4 potions of enlightenment
 F - a potion of ambrosia
 U - 2 potions of invisibility
 W - a potion of cancellation
Miscellaneous
 S - a phantom mirror


   Skills:
 + Level 8.8 Fighting
 + Level 14.2 Long Blades
 + Level 4.5 Ranged Weapons
 + Level 2.0 Throwing
 + Level 10.9 Armour
 + Level 6.2 Dodging
 + Level 1.2 Stealth
 + Level 4.9 Shields
 * Level 4.8 Unarmed Combat
 + Level 6.0 Invocations


You had 11 spell levels left.
You didn't know any spells.
Your spell library contained the following spells:

 Spells                   Type           Power      Damage    Failure   Level
 Sandblast                Erth           0%         2d4       94%         1
 Sting                    Conj/Alch      0%         1d3       94%         1
 Blink                    Tloc           0%         N/A       98%         2
 Ensorcelled Hibernation  Hex/Ice        0%         N/A       98%         2
 Lesser Beckoning         Tloc           0%         N/A       98%         2
 Momentum Strike          Conj/Tloc      0%         3d8       98%         2
 Passwall                 Erth           0%         N/A       100%        3
 Sigil of Binding         Hex            0%         N/A       100%        3
 Stone Arrow              Conj/Erth      0%         3d7       100%        3
 Swiftness                Air            0%         N/A       100%        3
 Volatile Blastmotes      Fire/Tloc      0%         2d10      100%        3
 Brom's Barrelling Bould  Conj/Erth      0%         2d3       100%        4
 Dimensional Bullseye     Hex/Tloc       0%         N/A       100%        4
 Fulminant Prism          Conj/Alch      0%         3d5       100%        4
 Iskenderun's Mystic Bla  Conj/Tloc      0%         2d3       100%        4
 Borgnjor's Vile Clutch   Necr/Erth      0%         N/A       100%        5
 Lee's Rapid Deconstruct  Erth           0%         3d4*      100%        5
 Summon Small Mammal      Summ           Unusable   N/A       N/A         1
 Call Canine Familiar     Summ           Unusable   N/A       N/A         3
 Animate Armour           Summ/Erth      Unusable   N/A       N/A         4
 Animate Dead             Necr           Unusable   N/A       N/A         4
 Summon Lightning Spire   Summ/Air       Unusable   N/A       N/A         4
 Summon Forest            Summ/Tloc      Unusable   N/A       N/A         5
 Summon Mana Viper        Hex/Summ       Unusable   N/A       N/A         5
 Death Channel            Necr           Unusable   N/A       N/A         6

Dungeon Overview and Level Annotations

Branches:
Dungeon (13/15)            Temple (1/1) D:6            Lair (0/5) D:8
    Orc (0/2) D:9         Ossuary (visited)
 Vaults: D:13-14

Altars:
Ashenzari
Cheibriados
Dithmenos
Elyvilon
Fedhas
Gozag
Hepliaklqana
Kikubaaqudgha
Makhleb
Nemelex Xobeh
Okawaru
Qazlal
Ru
Sif Muna
Trog
Uskayaw
Vehumet
Wu Jian
Xom
Yredelemnul
Zin
The Shining One

Shops:
D:4 ?!([   D:7 !

Portals:
Trove: D:10 (give horn of Geryon)

Annotations:
D:10 1 runed translucent door, Fv001's ghost, journeyman DsFi
D:13 Frances


Innate Abilities, Weirdness & Mutations

You have a pair of horns on your head.
You reflexively headbutt those who attack you in melee.


Message History

You block Frances's attack.
The orange demon stings you but does no damage.
The orange demon misses you.
The red devil hits you from afar with a +0 trident!
Barbed spikes become lodged in your body.
You barely miss Frances. You headbutt Frances! You punch Frances.
Frances is heavily wounded.
Frances chants phrases taken from a devil's mouth.
You slash Frances!
Frances looks as sick as possible!
Frances is severely wounded.
The red devil disappears in a puff of smoke!
Frances hits you with a +0 short sword!!
The orange demon closely misses you. The orange demon barely misses you.
You slash Frances!
Frances looks as sick as possible!
Your headbutt misses Frances.
Frances is severely wounded.
You block Frances's attack.
The red devil hits you with a +0 trident!
Barbed spikes become lodged in your body.
The red devil hits you with a +0 trident.
Barbed spikes become lodged in your body.
You slash Frances!
Frances looks as sick as possible!
Frances is severely wounded.
Frances whispers indecipherable words.
The shard of ice hits you!!
* * * LOW HITPOINT WARNING * * *
The orange demon barely misses you. You furiously retaliate!
You headbutt the orange demon! The orange demon closely misses you.
You barely miss Frances. You headbutt Frances.
Frances is almost dead.
The red devil barely misses you.
The red devil hits you but does no damage.
Frances hits you but does no damage. The orange demon closely misses you.
You furiously retaliate!
You headbutt the orange demon.
The orange demon hits you but does no damage.
You slash Frances!
Frances looks as sick as possible!
Frances is almost dead.
Frances chants phrases taken from a devil's mouth.
The shard of ice hits you!!!
You die...

#.## #.
...##.##
#.##.#...##
#......#..#
#....# ##.#.#
#.#.# #
#.#4######## #.
#.#4@@......
#.##.#4########
#......#
#..<...#
#......#
##.....#
#..<..# ....#.#
######.#


You could see Frances (fast, extremely poisoned), an orange demon (summoned) and
2 red devils.

Vanquished Creatures
  Erolcha (D:11)
  2 boulder beetles (D:11)
  3 two-headed ogres
  3 skeletal warriors (D:11)
  An ugly thing (D:11)
  2 manticores (D:12)
  A gargoyle (D:10)
  A kobold demonologist (D:11)
  A troll (D:12)
  A hornet (D:9)
  5 wyverns
  8 slime creatures
  2 basilisks (D:8)
  A vampire (D:10)
  10 yaks
  2 steam dragons
  5 water moccasins
  6 black bears
  2 ice beasts
  4 orc warriors
  A wolf (D:8)
  3 ogres
  4 centaurs
  A phantom (D:4)
  2 elf zombies (Ossuary)
  3 kobold brigands
  3 bullfrogs
  2 gnoll sergeants
  A scorpion (D:4)
  3 wights (D:9)
  A howler monkey (D:10)
  A centaur zombie (Ossuary)
  2 jellies (D:5)
  2 hounds
  3 human zombies (Ossuary)
  A bombardier beetle (D:4)
  6 orc priests
  3 sleepcaps
  4 iguanas
  2 orc wizards
  7 hound zombies (Ossuary)
  2 mummies (Ossuary)
  18 gnolls
  5 adders
  A white imp (D:7)
  2 ufetubi (D:5)
  6 adder zombies (Ossuary)
  3 dart slugs
  A ribbon worm (D:2)
  33 orcs
  8 ball pythons
  A bat (D:1)
  9 endoplasms
  2 giant cockroaches
  A gnoll zombie (Ossuary)
  8 goblins
  4 hobgoblins
  6 jackals
  4 jackal zombies (Ossuary)
  21 kobolds
  7 kobold zombies (Ossuary)
  6 orc zombies (Ossuary)
  8 rats
272 creatures vanquished.

Notes
Turn   | Place    | Note
-------+----------+-------------------------------------------
     0 | D:1      | Eitelfritz the Minotaur Gladiator began the quest for the
                  | Orb.
     0 | D:1      | Reached XP level 1. HP: 18/18 MP: 0/0
   362 | D:1      | Reached XP level 2. HP: 25/25 MP: 1/1
   453 | D:1      | Found a faded altar of an unknown god.
   457 | D:1      | Reached skill level 4 in Long Blades
  1097 | D:2      | Reached skill level 1 in Armour
  1099 | D:2      | Reached XP level 3. HP: 30/30 MP: 2/2
  1431 | D:2      | Reached XP level 4. HP: 27/37 MP: 3/3
  2076 | D:4      | Noticed a black bear
  2091 | D:4      | Killed a black bear
  2092 | D:4      | Reached XP level 5. HP: 22/45 MP: 4/4
  2218 | D:4      | Noticed a phantom
  2231 | D:4      | Killed a phantom
  2232 | D:4      | Reached skill level 5 in Long Blades
  2232 | D:4      | Reached XP level 6. HP: 46/51 MP: 5/5
  2602 | D:4      | Found Rynkyl's Armour Shoppe.
  2772 | D:4      | Found Otseo's Distillery.
  2776 | D:4      | Found Qyqeess's Magic Scroll Shop.
  2786 | D:4      | Bought a potion of brilliance for 40 gold pieces
  2786 | D:4      | Bought a potion of degeneration for 10 gold pieces
  2786 | D:4      | Bought a potion of might for 40 gold pieces
  2786 | D:4      | Bought 2 potions of curing for 60 gold pieces
  2786 | D:4      | Bought a potion of attraction for 30 gold pieces
  2796 | D:4      | Bought a scroll of identify for 20 gold pieces
  2843 | D:4      | Reached XP level 7. HP: 41/59 MP: 6/6
  2843 | D:4      | Found a shadowy altar of Dithmenos.
  2940 | D:4      | Found Coenuen's Weapon Boutique.
  2970 | D:5      | Entered Level 5 of the Dungeon
  2984 | D:5      | Reached skill level 6 in Long Blades
  3620 | D:5      | Reached skill level 5 in Armour
  3799 | D:5      | Reached skill level 7 in Long Blades
  3900 | D:5      | Found an iron altar of Okawaru.
  4091 | D:5      | Became a worshipper of Warmaster Okawaru
  4186 | D:4      | Bought 2 scrolls of teleportation for 60 gold pieces
  4415 | D:5      | Identified a scroll of acquirement
  4415 | D:5      | Acquired a +0 demon blade of venom
  4447 | D:6      | Reached XP level 8. HP: 67/67 MP: 7/7
  4465 | D:6      | Found a sand-covered staircase.
  4481 | Ossuary  | Entered an ossuary
  4621 | Ossuary  | Reached skill level 1 in Invocations
  4643 | Ossuary  | Reached skill level 8 in Long Blades
  4653 | Ossuary  | Reached skill level 5 in Fighting
  4667 | Ossuary  | Reached * piety under Okawaru
  4805 | D:6      | Reached skill level 1 in Shields
  4856 | D:6      | Reached skill level 9 in Long Blades
  4913 | D:6      | Identified the +5 ring mail of Nynibife {rN+ Will- Str+2
                  | Int+3}
  5058 | D:6      | Found a staircase to the Ecumenical Temple.
  5067 | Temple   | Entered the Ecumenical Temple
  5282 | D:6      | Reached skill level 5 in Dodging
  5282 | D:6      | Reached XP level 9. HP: 68/74 MP: 8/10
  5309 | D:6      | Found a burning altar of Makhleb.
  5432 | D:7      | Reached ** piety under Okawaru
  5666 | D:7      | Got the Grimoire of Congregated Venom
  5911 | D:7      | Reached skill level 10 in Long Blades
  6277 | D:7      | Found Fadghui's Distillery.
  6285 | D:7      | Bought a potion of heal wounds for 65 gold pieces
  6422 | D:8      | Found a staircase to the Lair.
  6546 | D:8      | Reached *** piety under Okawaru
  6690 | D:8      | Reached XP level 10. HP: 76/84 MP: 12/12
  6695 | D:8      | Reached skill level 11 in Long Blades
  7755 | D:8      | Reached skill level 5 in Invocations
  7898 | D:9      | Found a radiant altar of Vehumet.
  7946 | D:9      | Noticed a two-headed ogre
  7957 | D:9      | Reached **** piety under Okawaru
  7961 | D:9      | Killed a two-headed ogre
  8357 | D:9      | Found a staircase to the Orcish Mines.
  8398 | D:9      | Reached skill level 12 in Long Blades
  8774 | D:9      | Reached ***** piety under Okawaru
  9097 | D:10     | Entered Level 10 of the Dungeon
  9153 | D:10     | HP: 1/83 [something (17)]
  9443 | D:10     | Found a runed translucent door.
  9516 | D:10     | Noticed a gargoyle
  9530 | D:10     | Killed a gargoyle
  9634 | D:10     | Found a portal to a secret trove of treasure.
  9657 | D:10     | Reached XP level 11. HP: 89/92 MP: 14/14
  9664 | D:10     | Reached skill level 1 in Unarmed Combat
  9935 | D:10     | Noticed Fv001's ghost (journeyman DsFi)
  9960 | D:11     | Noticed a boulder beetle
  9974 | D:11     | Killed a boulder beetle
 10210 | D:11     | Noticed Erolcha
 10210 | D:11     | Noticed a boulder beetle
 10234 | D:11     | Killed Erolcha
 10249 | D:11     | Killed a boulder beetle
 10250 | D:11     | Reached skill level 13 in Long Blades
 10250 | D:11     | Reached skill level 1 in Stealth
 10464 | D:11     | Noticed a skeletal warrior
 10480 | D:11     | Noticed a skeletal warrior
 10490 | D:11     | Killed a skeletal warrior
 10500 | D:11     | Killed a skeletal warrior
 10501 | D:11     | Reached skill level 10 in Armour
 10740 | D:11     | Noticed a skeletal warrior
 10764 | D:11     | Killed a skeletal warrior
 10921 | D:11     | Noticed a green ugly thing
 10932 | D:11     | Killed a green ugly thing
 10932 | D:11     | Received a gift from Okawaru
 11262 | D:12     | Noticed a two-headed ogre
 11367 | D:12     | Killed a two-headed ogre
 11384 | D:12     | Noticed a two-headed ogre
 11395 | D:12     | Killed a two-headed ogre
 11396 | D:12     | Reached skill level 14 in Long Blades
 11412 | D:12     | Received a gift from Okawaru
 11862 | D:12     | Reached XP level 12. HP: 92/103 MP: 15/15
 12255 | D:13     | Noticed Frances
 12270 | D:13     | Killed from afar by Frances

Illustrated notes

Levels and vault maps discovered:
D:1:      dpeg_arrival_rooms_b, layout_basic,
          hellmonk_ecumenical_altar_crossroads
D:2:      cheibrodos_old_hovel, layout_rooms, guppyfry_early_orc_mine
D:3:      layout_rooms, kennysheep_minor_cross
D:4:      layout_basic, mainiacjoe_overflow_alcove_4, serial_shops, shop,
          nicolae_lakefront_shop, nicolae_shop_tiny_statue_garden,
          nicolae_shop_pleasant_corner_grove
D:5:      layout_basic, okawaru_altar_gauntlet_db
D:6:      nicolae_BIG_FREAKIN_CUBE, layout_cave_pools,
          mainiacjoe_overflow_boulevard, minmay_temple_entry_gardened_gates,
          lightli_ossuary_entry_decrepit_ruins
D:7:      layout_loops_ring, serial_shops, nicolae_shop_peninsula, hex_medium
D:8:      layout_basic, minmay_lair_entry_grove, minmay_fountain_box,
          kennysheep_generic_room_5
D:9:      layout_basic, fiery_altar_vehumet, david_orc_1_choice
D:10:     layout_small_grid, ebering_ghost_reflecting_pool,
          nicolae_trove_entry_free_sample
D:11:     layout_layer_cave, minmay_strange_pillars, uniq_erolcha
D:12:     layout_cave_pools
D:13:     layout_loops_ring, ximxim_vaults_locker_room, gauntlet_entry_generic,
          uniq_frances
Temple:   compressed_dpeg_circular_temple

Skill      XL: |  1  2  3  4  5  6  7  8  9 10 11 |
---------------+----------------------------------+-----
Long Blades    | 4 5 7 9 10 12 14 | 14.2
Armour         | 1 2 3 4 5 7 9 10 | 10.9
Fighting       | 3 4 5 6 7 8 |  8.8
Ranged Weapons | 2 3 4 |  4.5
Dodging        | 4 5 6 |  6.2
Invocations    | 2 4 6 |  6.0
Shields        | 1 3 4 |  4.9
Unarmed Combat | 4 |  4.8
Stealth        | 1 |  1.2
Throwing       | |  2.0

Action                     |  1- 3 |  4- 6 |  7- 9 | 10-12 || total
---------------------------+-------+-------+-------+-------++-------
  Melee: Long sword        |    84 |    98 |    89 |       ||   271
         Headbutt          |    11 |    18 |    90 |   111 ||   230
         Punch             |     1 |     1 |     7 |     9 ||    18
         Demon blade       |       |       |   260 |   419 ||   679
   Fire: Sling             |    21 |    23 |     4 |       ||    48
         Orcbow            |       |       |     6 |     7 ||    13
 Invoke: Heroism           |       |       |       |     1 ||     1
    Use: Scroll            |       |       |    20 |     9 ||    29
         Potion            |       |       |       |     4 ||     4
 Armour: Leather armour    |    38 |       |       |       ||    38
         Scale mail        |    27 |    93 |    68 |       ||   188
         Chain mail        |       |       |   179 |   211 ||   390
  Dodge: Dodged            |    38 |    68 |   235 |   181 ||   522
  Block: Other             |       |       |    74 |    66 ||   140
         Reflection        |       |       |     1 |     1 ||     2
